 Dungeon Crawl Stone Soup version 0.27-a0-1248-g57ac2eb73c (webtiles) character file.

Game seed: 11334964732856937480

149 Kinoniko the Cudgeller (level 5, -5/40 (41) HPs)
             Began as a Demonspawn Berserker on June 10, 2021.
             Was a Follower of Trog.
             Slain by Crazy Yiuf
             ... wielding a +3 quarterstaff of chaos
              (8 damage)
             ... on level 2 of the Dungeon.
             The game lasted 00:01:32 (2423 turns).

Kinoniko the Cudgeller (Demonspawn Berserker)       Turns: 2423, Time: 00:01:33

HP:   -5/40 (41)    AC: 10    Str: 18    XL:     5   Next: 9%
MP:   5/5           EV:  7    Int:  8    God:    Trog [*.....]
Gold: 103           SH:  0    Dex: 13    Spells: 4/4 levels left

rFire    . . .     SeeInvis .   g - +2 flail (protect)
rCold    . . .     Faith    .   (no shield)
rNeg     . . .     Spirit   .   j - +0 chain mail
rPois    .         Reflect  .   (no helmet)
rElec    .         Harm     .   (no cloak)
rCorr    .         Rampage  .   (no gloves)
Will     .....                  (no boots)
Stlth    ..........             (no amulet)
HPRegen  0.13/turn              (no ring)
MPRegen  0.09/turn              (no ring)

@: on berserk cooldown, very slightly contaminated, hasted and slowed, lightly
drained, invisible
A: claws 2, molten scales 1
a: Renounce Religion, Berserk


You were on level 2 of the Dungeon.
You worshipped Trog.
Trog was aware of your devotion.
You visited 1 branch of the dungeon, and saw 2 of its levels.

You collected 103 gold pieces.

Inventory:

Hand Weapons
 a - a +0 hand axe
 g - a +2 flail of protection (weapon)
Armour
 b - a +0 animal skin
 j - a +0 chain mail (worn)
Scrolls
 c - a scroll of amnesia {unknown}
 e - a scroll of enchant armour {unknown}
 f - a scroll of magic mapping {unknown}
 h - a scroll of torment {unknown}
 i - 2 scrolls of noise {unknown}
Potions
 d - 2 potions of curing {unknown}


   Skills:
 - Level 3.0 Fighting
 - Level 3.5(4.3) Axes
 * Level 3.7(4.4) Maces & Flails
 - Level 1.7 Armour
 - Level 1.7 Dodging


You had 4 spell levels left.
You didn't know any spells.
Your spell library was empty.

Dungeon Overview and Level Annotations

Branches:
Dungeon (2/15)

Altars:

Annotations:
D:2 Crazy Yiuf


Innate Abilities, Weirdness & Mutations

You have very sharp fingernails.
You are partially covered in molten scales. (AC +2)


Message History

Crazy Yiuf is almost dead.
Crazy Yiuf hits you with a +3 quarterstaff of chaos!
You are poisoned.
You barely miss Crazy Yiuf.
Crazy Yiuf is almost dead.
You feel sick. Crazy Yiuf hits you but does no damage.
You are confused.
You are too confused!
You are too confused!
You are too confused!
You are too confused!
You are too confused!
You are too confused!
You are too confused!
You are too confused!
You bump into the tree.
You feel sick.
You bump into the stone wall.
You feel a strong urge to attack something.
You feel sick.
Crazy Yiuf hits you with a +3 quarterstaff of chaos.
You suddenly lose the ability to move!
You feel sick.
Crazy Yiuf hits you with a +3 quarterstaff of chaos.
You feel yourself speed up.
You are no longer berserk.
You feel yourself slow down.
You feel sick.
Crazy Yiuf hits you with a +3 quarterstaff of chaos!
You convulse.
* * * LOW HITPOINT WARNING * * *
You feel sick. Crazy Yiuf hits you but does no damage.
You feel sick.
Crazy Yiuf hits you with a +3 quarterstaff of chaos.
* * * LOW HITPOINT WARNING * * *
You can move again.
You bump into the stone wall.
You feel less confused.
You feel sick.
You are no longer poisoned.
Crazy Yiuf hits you with a +3 quarterstaff of chaos!
You die...

#....# ##......
#....# #.......
♣..PP♣ #.♣♣....
♣♣P..♣ #..♣♣♣..
♣♣.♣♣ ##♣..♣<♣
♣♣.♣ ♣♣.♣♣♣
♣.♣♣ ♣PP♣♣ ♣♣.♣
♣P..P ♣@♣♣
♣.P.P #g# ♣....
... #♣..♣ #...#
######♣.P♣
#)..#
###........#
#####
#.....######
#....)'.....
####.....######
#........#


You could see Crazy Yiuf.

Vanquished Creatures
  A black bear (D:2)
  Terence (D:2)
  A worm (D:2)
  A dart slug (D:2)
  An orc (D:2)
  5 ball pythons
  An endoplasm (D:2)
  A giant cockroach (D:1)
  4 goblins
  A hobgoblin (D:2)
  A bat (D:2)
  2 frilled lizards (D:2)
  4 kobolds
  2 rats (D:2)
26 creatures vanquished.

Vanquished Creatures (others)
  3 plants (D:2)
3 creatures vanquished.

Grand Total: 29 creatures vanquished

Notes
Turn   | Place    | Note
-------+----------+-------------------------------------------
     0 | D:1      | Kinoniko the Demonspawn Berserker began the quest for the
                  | Orb.
     0 | D:1      | Reached XP level 1. HP: 18/18 MP: 1/1
   103 | D:1      | Found a faded altar of an unknown god.
   965 | D:2      | Gained mutation: You have sharp fingernails. [demonic
                  | ancestry]
   965 | D:2      | Reached XP level 2. HP: 18/24 MP: 2/2
  1088 | D:2      | HP: 1/36 [kobold/+0 short sword (3)]
  1792 | D:2      | Noticed a black bear
  1799 | D:2      | Killed a black bear
  1800 | D:2      | Gained mutation: You have very sharp fingernails. [demonic
                  | ancestry]
  1800 | D:2      | Reached XP level 3. HP: 29/29 MP: 3/3
  1800 | D:2      | Gained mutation: You are partially covered in molten
                  | scales. (AC +2) [demonic ancestry]
  1800 | D:2      | Reached XP level 4. HP: 35/35 MP: 4/4
  2085 | D:2      | Noticed Terence
  2091 | D:2      | Killed Terence
  2092 | D:2      | Reached XP level 5. HP: 38/41 MP: 5/5
  2184 | D:2      | Found a runed translucent door.
  2185 | D:2      | Noticed Crazy Yiuf
  2418 | D:2      | Paralysed by Crazy Yiuf for 4 turns
  2423 | D:2      | Slain by Crazy Yiuf

Illustrated notes

Levels and vault maps discovered:
D:1:      wander_arrival_fairy_ring, layout_basic,
          shapermc_ecumenical_altar_venn, hex_medium, minmay_misc_feat_columns
D:2:      layout_basic, serial_forest, infiniplex_forest_join,
          infiniplex_forest_straight_4, infiniplex_forest_lined_corner,
          infiniplex_forest_end_2, infiniplex_forest_clump_small, uniq_terence,
          uniq_crazy_yiuf_cottage

Skill      XL: |  1  2 |
---------------+-------+-----
Axes           | 3 |  3.5
Maces & Flails | 3 |  3.7
Fighting       | |  3.0
Armour         | |  1.7
Dodging        | |  1.7

Action                   |  1- 3 |  4- 6 || total
-------------------------+-------+-------++-------
Melee: Hand axe          |    43 |       ||    43
       Flail             |    12 |    26 ||    38
Invok: Berserk           |     3 |     1 ||     4
Armor: Animal skin       |    11 |     1 ||    12
       Chain mail        |       |     9 ||     9
Dodge: Dodged            |    26 |    15 ||    41

Table legend: (Time is in decaauts)
 A = Elapsed time spent in this place.
 B = Non-inter-level travel time spent in this place.
 C = Inter-level travel time spent in this place.
 D = Time resting spent in this place.
 E = Time spent auto-exploring this place.
 F = Levels seen in this place.
 G = Mean time per level.
                   A        B        C        D        E       F      G
               +--------+--------+--------+--------+--------+-----+--------+
         Total |   2468 |   2419 |     49 |    579 |   1618 |   2 | 1234.0 |
       Dungeon |   2468 |   2419 |     49 |    579 |   1618 |   2 | 1234.0 |
               +--------+--------+--------+--------+--------+-----+--------+

Top non-repeatable levels by time:
     D:2: 1518 daAuts
     D:1: 949 daAuts
